 Dungeon Crawl Stone Soup version 0.31-a0-1308-ga3cce3a448 (webtiles) character file.

Game seed: 7984822739924089880

29717 jlumianski the Grappler (level 13, -6/100 HPs)
             Began as a Gnoll Shapeshifter on Dec 19, 2023.
             Was an Elder of Wu Jian.
             Splashed by a brown ugly thing's acid (11 damage)
             ... on level 13 of the Dungeon on Dec 20, 2023.
             The game lasted 01:47:31 (20324 turns).

jlumianski the Grappler (Gnoll Shapeshifter)       Turns: 20324, Time: 01:47:33

Health: -6/100     AC:  8    Str: 16    XL:     13   Next: 47%
Magic:  16/25      EV: 24    Int: 13    God:    Wu Jian [****..]
Gold:   209        SH:  0    Dex: 11    Spells: 7/29 levels left

rFire   . .          .
                       - Unarmed
rCold   . . .        (shield currently unavailable)
rNeg    . . .        p - melded +0 ring mail
rPois   .            w - +1 helmet
rElec   .            x - +0 cloak
rCorr   .            L - +1 pair of gloves
SInv    .            v - +1 pair of boots
Will    .....        (no amulet)
Stlth   ++           C - ring of wizardry
HPRegen 0.36/turn    I - +5 ring of evasion
MPRegen 0.19/turn

%: wizardry (x1)
@: flux-form, glowing
A: glow, contaminating, fangs 1, strong nose, distributed training
a: Begin Untransformation, Renounce Religion, Wall Jump, Serpent's Lash


You were on level 13 of the Dungeon.
You worshipped Wu Jian.
Wu Jian was greatly pleased with you.
You were something dangerously unstable.
You visited 4 branches of the dungeon, and saw 18 of its levels.

You collected 1516 gold pieces.
You spent 1307 gold pieces at shops.

Inventory:

Hand Weapons
 f - a +0 broad axe
 h - a +2 longbow of flaming
 J - a +0 scimitar of flaming
Missiles
 y - a curare-tipped dart
 G - 12 poisoned darts
 H - 4 boomerangs
Armour
 l - a +3 troll leather armour {Snorg}
 p - a +0 ring mail (melded)
 v - a +1 pair of boots (worn)
 w - a +1 helmet (worn)
 x - a +0 cloak (worn)
 L - a +1 pair of gloves (worn)
Jewellery
 g - a ring of protection from fire
 C - a ring of wizardry (left hand)
 I - a +5 ring of evasion (right hand)
 N - a +6 ring of strength
 Q - a ring of protection from cold
Talismans
 c - a beast talisman
 d - a flux talisman (active)
 n - a maw talisman
Wands
 a - a wand of flame (18)
 E - a wand of polymorph (8)
 F - a wand of digging (9)
 O - a wand of quicksilver (17)
Scrolls
 i - 4 scrolls of blinking
 k - 5 scrolls of teleportation
 o - a scroll of noise
 r - a scroll of revelation
 t - a scroll of poison
 B - 3 scrolls of fog
 D - a scroll of summoning
 M - a scroll of immolation
Potions
 b - 3 potions of lignification
 e - 2 potions of heal wounds
 j - 4 potions of curing
 m - 2 potions of berserk rage
 q - 2 potions of attraction
 s - a potion of might
 z - a potion of cancellation
 A - 3 potions of magic
 K - a potion of invisibility
Miscellaneous
 u - a box of beasts (inert)


   Skills:
 + Level 8.9 Fighting
 + Level 8.5 Short Blades
 + Level 8.5 Long Blades
 + Level 8.5 Axes
 + Level 8.5 Maces & Flails
 + Level 8.5 Polearms
 + Level 8.5 Staves
 + Level 8.5 Ranged Weapons
 + Level 8.5 Throwing
 + Level 8.5 Armour
 + Level 9.7 Dodging
 + Level 8.5 Stealth
 + Level 8.5 Shields
 + Level 10.7 Unarmed Combat
 + Level 8.5 Spellcasting
 + Level 7.0 Conjurations
 + Level 7.0 Hexes
 + Level 7.0 Summonings
 + Level 7.0 Necromancy
 + Level 7.0 Translocations
 + Level 7.0 Transmutations
 + Level 7.0 Fire Magic
 + Level 7.0 Ice Magic
 + Level 7.0 Air Magic
 + Level 7.0 Earth Magic
 + Level 7.0 Poison Magic
 + Level 9.3 Invocations
 + Level 8.5 Evocations
 + Level 10.2 Shapeshifting


You had 7 spell levels left.
You knew the following spells:

 Your Spells              Type           Power      Damage    Failure   Level
a - Poisonous Vapours     Pois/Air       46%        N/A       1%          2
b - Blink                 Tloc           46%        N/A       1%          2
c - Lesser Beckoning      Tloc           46%        N/A       1%          2
d - Ignite Poison         Fire/Tmut/Pois 23%        N/A       1%          3
e - Olgreb's Toxic Radia  Pois           23%        N/A       2%          4
f - Summon Lightning Spi  Summ/Air       23%        N/A       2%          4
g - Lee's Rapid Deconstr  Erth           11%        3d8*      9%          5

Your spell library contained the following spells:

 Spells                   Type           Power      Damage    Failure   Level
 Sting                    Tmut/Pois      92%        1d7       1%          1
 Cigotuvi's Dreadful Rot  Necr/Pois/Air  46%        N/A       1%          2
 Momentum Strike          Conj/Tloc      46%        3d9       1%          2
 Animate Armour           Summ/Erth      46%        N/A       2%          4
 Freezing Cloud           Conj/Ice/Air   11%        6-21      9%          5


Dungeon Overview and Level Annotations

Branches:
Dungeon (14/15)            Temple (1/1) D:5            Lair (1/5) D:9
    Orc (2/2) D:10            Elf (0/3) Orc:2
 Vaults: D:13-14

Altars:
Ashenzari
Cheibriados
Dithmenos
Elyvilon
Fedhas
Gozag
Hepliaklqana
Kikubaaqudgha
Makhleb
Nemelex Xobeh
Okawaru
Qazlal
Ru
Sif Muna
Trog
Uskayaw
Vehumet
Wu Jian
Xom
Yredelemnul
Zin
The Shining One

Shops:
D:1 [   D:2 =[[   D:11 !   Orc:2 (?::

Annotations:
D:12 3 runed translucent doors, timneilson's ghost, journeyman GrFi


Innate Abilities, Weirdness & Mutations

You are something dangerously unstable.
You glow with magical radiation, making you easy to see and hit.
Foes you strike become dangerously contaminated with magical radiation.
You are incapable of wielding weapons or throwing items.
You have very sharp teeth.
Your uncanny sense of smell can sniff out nearby items.
Your experience applies equally to all skills.


Message History

You spin and attack the red ugly thing repeatedly.
You barely miss the red ugly thing.
The red ugly thing is severely wounded.
You barely miss the red ugly thing.
The red ugly thing is severely wounded.
You feel ready to blink again.
You feel sick. The red ugly thing punches you.
You are engulfed in flames!!
* * * LOW HITPOINT WARNING * * *
Aiming: Wall Jump
Press: ? - help, Dir - move target You repeatedly attack the red ugly thing from above.
You hit the red ugly thing.
The red ugly thing begins to glow.
The red ugly thing is lightly wounded.
You hit the red ugly thing but do no damage.
The red ugly thing glows dangerously bright.
The red ugly thing is lightly wounded.
You punch the red ugly thing!
The red ugly thing shudders as magic cascades through it.
The red ugly thing basks in the mutagenic energy and changes!
The brown ugly thing is moderately wounded.
You repeatedly attack the red ugly thing from above.
You hit the red ugly thing.
The red ugly thing glows dangerously bright.
The red ugly thing is almost dead.
You completely miss the red ugly thing.
The red ugly thing is almost dead.
You feel sick.
You are no longer poisoned.
Your lightning spire shoots out a bolt of lightning at the red ugly thing!
The bolt of electricity hits the red ugly thing!
The red ugly thing dies!
The Council accepts your kill.
The brown ugly thing tentacle-slaps you.
* * * LOW HITPOINT WARNING * * *
You are splashed with acid!
* * * LOW HITPOINT WARNING * * *
The brown ugly thing tentacle-slaps you.
* * * LOW HITPOINT WARNING * * *
You are splashed with acid!
You die...

######........#...#...........)..
..............##.##............).
...............#.#..............)
...............#.#.......########
#######........#.#.......'.......
#........#.#.......#.......
#................^.#.......
#........°○°.......#.......
#.######.up°.......########
#.#....#.○○°...(...........
#.+....#...†8..............
#.#....#.....).............
#.#..(.#>)...########......
#######.#....#.....#......###....
........#....'.....'........#....
######..#....#.....#........#....
.....#.<#....#.....#........#....


You could see a brown ugly thing (ally target) and a friendly lightning spire
(summoned).

Vanquished Creatures
  A hydra (D:12)
  2 ogre magi (Orc:2)
  2 centaur warriors (D:13)
  A catoblepas (D:13)
  4 two-headed ogres
  A boulder beetle (D:13)
  A tengu warrior (D:13)
  An orc knight (Orc:1)
  9 orc sorcerers (Orc:2)
  4 ugly things
  A deep elf pyromancer (D:12)
  3 cyclopes
  A gargoyle (D:11)
  2 efreet
  2 kobold demonologists
  2 trolls
  A centaur simulacrum (D:14)
  2 shadows
  3 slime creatures (D:12)
  3 wraiths
  A vampire (D:12)
  6 yaks
  2 basilisks
  2 steam dragons
  3 vampire mosquitoes (D:10)
  3 wargs
  3 acid dragons
  A water moccasin (D:7)
  10 orc warriors
  2 black bears
  3 ice beasts
  14 ogres
  2 sky beasts (D:7)
  9 centaurs
  4 wolves (D:8)
  4 kobold brigands
  3 bullfrogs
  A gnoll sergeant (D:9)
  3 scorpions
  8 wights
  15 killer bees
  5 electric eels
  7 howler monkeys
  A lava snake (D:11)
  8 hounds
  12 orc priests
  A gnoll bouda (D:4)
  3 iguanas
  A sleepcap (D:6)
  31 orc wizards
  12 gnolls
  11 adders
  3 shadow imps
  A white imp (D:6)
  4 ufetubi
  2 worms
  3 dart slugs
  62 orcs
  6 ball pythons
  11 bats
  6 endoplasms
  2 giant cockroaches
  8 goblins
  6 hobgoblins
  3 jackals (D:1)
  4 quokkas
  6 frilled lizards
  18 kobolds
  6 rats
388 creatures vanquished.

Vanquished Creatures (collateral kills)
  Nessos (Orc:2)
  Snorg (D:13)
  2 ugly things (D:13)
4 creatures vanquished.

Vanquished Creatures (others)
  An orc (Orc:2)
1 creature vanquished.

Grand Total: 393 creatures vanquished

Notes
Turn   | Place    | Note
-------+----------+-------------------------------------------
     0 | D:1      | jlumianski the Gnoll Shapeshifter began the quest for the
                  | Orb.
     0 | D:1      | Reached XP level 1. HP: 17/17 MP: 1/1
   103 | D:1      | Reached XP level 2. HP: 23/23 MP: 2/2
   217 | D:1      | Reached XP level 3. HP: 28/28 MP: 3/3
   385 | D:1      | Found Cepruicza's Armour Boutique.
   427 | D:1      | Reached skill level 1 in Invocations
   504 | D:2      | Found Cori Dob's Armour Shoppe.
   848 | D:2      | Found Husuw's Antique Armour Shoppe.
   953 | D:2      | Reached skill level 1 in Short Blades
   953 | D:2      | Reached skill level 1 in Long Blades
   953 | D:2      | Reached skill level 1 in Axes
   953 | D:2      | Reached skill level 1 in Maces & Flails
   953 | D:2      | Reached skill level 1 in Polearms
   953 | D:2      | Reached skill level 1 in Staves
   953 | D:2      | Reached skill level 1 in Ranged Weapons
   953 | D:2      | Reached skill level 1 in Throwing
   953 | D:2      | Reached skill level 1 in Armour
   953 | D:2      | Reached skill level 1 in Stealth
   953 | D:2      | Reached skill level 1 in Shields
   953 | D:2      | Reached skill level 1 in Spellcasting
   953 | D:2      | Reached skill level 1 in Evocations
   996 | D:2      | Reached XP level 4. HP: 19/34 MP: 5/5
  1236 | D:2      | Reached skill level 1 in Conjurations
  1236 | D:2      | Reached skill level 1 in Hexes
  1236 | D:2      | Reached skill level 1 in Summonings
  1236 | D:2      | Reached skill level 1 in Necromancy
  1236 | D:2      | Reached skill level 1 in Translocations
  1236 | D:2      | Reached skill level 1 in Transmutations
  1236 | D:2      | Reached skill level 1 in Fire Magic
  1236 | D:2      | Reached skill level 1 in Ice Magic
  1236 | D:2      | Reached skill level 1 in Air Magic
  1236 | D:2      | Reached skill level 1 in Earth Magic
  1236 | D:2      | Reached skill level 1 in Poison Magic
  1554 | D:2      | Found Zobrine's Jewellery Emporium.
  1688 | D:2      | Reached XP level 5. HP: 40/40 MP: 5/7
  2742 | D:4      | Reached XP level 6. HP: 42/47 MP: 8/8
  2742 | D:4      | Found a hazy altar of Hepliaklqana.
  2763 | D:5      | Entered Level 5 of the Dungeon
  2818 | D:4      | Found a stormy altar of Qazlal.
  2829 | D:4      | Reached skill level 5 in Dodging
  2839 | D:4      | HP: 2/47 [poisoned by a scorpion]
  3496 | D:4      | Reached XP level 7. HP: 35/52 MP: 10/10
  4441 | D:6      | Found a shimmering blue altar of Sif Muna.
  4519 | D:5      | Reached XP level 8. HP: 53/60 MP: 12/12
  4758 | D:1      | Bought a +1 helmet for 126 gold pieces
  4758 | D:1      | Bought a +0 cloak for 49 gold pieces
  5084 | D:5      | Found a staircase to the Ecumenical Temple.
  5089 | Temple   | Entered the Ecumenical Temple
  5163 | Temple   | Became a worshipper of the Wu Jian Council
  5190 | Temple   | Learned a level 2 spell: Poisonous Vapours
  6932 | D:8      | Reached * piety under Wu Jian
  6933 | D:8      | Reached XP level 9. HP: 30/66 MP: 10/14
  7146 | D:7      | Learned a level 2 spell: Blink
  7149 | D:7      | Learned a level 2 spell: Lesser Beckoning
  7305 | D:7      | Reached skill level 5 in Fighting
  7921 | D:2      | Bought a pair of glowing gloves for 150 gold pieces
  8356 | D:7      | Reached skill level 5 in Invocations
  8429 | D:9      | Identified the +3 quarterstaff of Qazlal's Respect
                  | {protect, MP+9}
  8450 | D:9      | Found a broken altar of Ashenzari.
  9242 | D:8      | Found a shadowy altar of Dithmenos.
  9717 | D:9      | Noticed a troll
  9735 | D:8      | Killed a troll
  9736 | D:8      | Reached skill level 5 in Short Blades
  9736 | D:8      | Reached skill level 5 in Long Blades
  9736 | D:8      | Reached skill level 5 in Axes
  9736 | D:8      | Reached skill level 5 in Maces & Flails
  9736 | D:8      | Reached skill level 5 in Polearms
  9736 | D:8      | Reached skill level 5 in Staves
  9736 | D:8      | Reached skill level 5 in Ranged Weapons
  9736 | D:8      | Reached skill level 5 in Throwing
  9736 | D:8      | Reached skill level 5 in Armour
  9736 | D:8      | Reached skill level 5 in Stealth
  9736 | D:8      | Reached skill level 5 in Shields
  9736 | D:8      | Reached skill level 5 in Spellcasting
  9736 | D:8      | Reached skill level 5 in Evocations
  9736 | D:8      | Reached XP level 10. HP: 58/76 MP: 13/17
  9956 | D:10     | Entered Level 10 of the Dungeon
 10383 | D:9      | Reached ** piety under Wu Jian
 10728 | D:9      | Learned a level 3 spell: Ignite Poison
 11001 | D:9      | Found a staircase to the Lair.
 11579 | D:11     | Noticed a kobold demonologist
 11610 | D:10     | Killed a kobold demonologist
 11628 | D:11     | Noticed a cyclops
 11639 | D:11     | Killed a cyclops
 11884 | D:10     | Reached XP level 11. HP: 72/83 MP: 19/19
 11946 | D:9      | Reached skill level 5 in Conjurations
 11946 | D:9      | Reached skill level 5 in Hexes
 11946 | D:9      | Reached skill level 5 in Summonings
 11946 | D:9      | Reached skill level 5 in Necromancy
 11946 | D:9      | Reached skill level 5 in Translocations
 11946 | D:9      | Reached skill level 5 in Transmutations
 11946 | D:9      | Reached skill level 5 in Fire Magic
 11946 | D:9      | Reached skill level 5 in Ice Magic
 11946 | D:9      | Reached skill level 5 in Air Magic
 11946 | D:9      | Reached skill level 5 in Earth Magic
 11946 | D:9      | Reached skill level 5 in Poison Magic
 12026 | D:10     | You fall into a shaft and drop 2 floors!
 12394 | D:10     | Found a staircase to the Orcish Mines.
 12488 | D:11     | Noticed a two-headed ogre
 12495 | D:11     | Killed a two-headed ogre
 12764 | D:10     | Reached *** piety under Wu Jian
 13197 | D:11     | Noticed a two-headed ogre
 13208 | D:11     | Killed a two-headed ogre
 13340 | D:12     | Noticed a white ugly thing
 13351 | D:12     | Killed a brown ugly thing
 13522 | D:11     | Noticed a two-headed ogre
 13528 | D:11     | Killed a two-headed ogre
 13744 | D:2      | Bought a ring of wizardry for 330 gold pieces
 13751 | D:2      | Learned a level 4 spell: Olgreb's Toxic Radiance
 13963 | D:11     | Found Botub's Distillery.
 14349 | D:12     | Noticed a seven-headed hydra
 14358 | D:12     | Killed a seven-headed hydra
 14618 | D:13     | Noticed a tengu warrior
 15198 | D:12     | Found a runed translucent gate.
 15199 | D:12     | Found a runed translucent gate.
 15200 | D:12     | Found a runed translucent gate.
 15225 | D:12     | Noticed a deep elf pyromancer
 15234 | D:12     | Killed a deep elf pyromancer
 15317 | D:13     | Found a blossoming altar of Fedhas.
 15384 | D:13     | Noticed a catoblepas
 15389 | D:13     | Noticed Snorg
 15628 | D:12     | Noticed timneilson's ghost (journeyman GrFi)
 15730 | Lair:1   | Entered Level 1 of the Lair of Beasts
 15800 | Orc:1    | Entered Level 1 of the Orcish Mines
 15802 | Orc:1    | Reached XP level 12. HP: 90/91 MP: 22/22
 16061 | Orc:1    | Reached **** piety under Wu Jian
 16384 | Orc:2    | Entered Level 2 of the Orcish Mines
 17002 | Orc:2    | Found a staircase to the Elven Halls.
 17161 | Orc:2    | Noticed Nessos
 17171 | Orc:2    | Killed Nessos
 17330 | Orc:2    | Reached skill level 10 in Unarmed Combat
 17677 | Orc:2    | Found a radiant altar of Vehumet.
 17677 | Orc:2    | Noticed an ogre mage
 17688 | Orc:2    | Killed an ogre mage
 17724 | Orc:2    | Paralysed by an orc sorcerer for 4 turns
 17736 | Orc:2    | Found Elorph's Magic Scroll Emporium.
 17796 | Orc:2    | Bought a scroll of blinking for 112 gold pieces
 17796 | Orc:2    | Bought a scroll of identify for 30 gold pieces
 17796 | Orc:2    | Bought a scroll of identify for 30 gold pieces
 17799 | Orc:2    | Found an ancient bone altar of Kikubaaqudgha.
 17853 | Orc:2    | Noticed an ogre mage
 17882 | Orc:2    | Killed an ogre mage
 17973 | Orc:2    | Found Main Vua's Book Shoppe.
 17981 | Orc:2    | Noticed a sun demon
 17992 | Orc:2    | Found Acilak's Book Shoppe.
 18089 | Orc:2    | Found Deblu Con's Antique Weapon Emporium.
 18121 | Orc:2    | Bought a book of Iron for 480 gold pieces
 18126 | Orc:2    | Learned a level 4 spell: Summon Lightning Spire
 18132 | Orc:2    | Learned a level 5 spell: Lee's Rapid Deconstruction
 18445 | D:13     | Killed Snorg
 18446 | D:13     | Reached XP level 13. HP: 71/99 MP: 20/25
 18728 | D:13     | Reached skill level 10 in Shapeshifting
 20324 | D:13     | HP: 5/100 [brown ugly thing (6)]
 20324 | D:13     | Splashed by a brown ugly thing's acid

Illustrated notes

Levels and vault maps discovered:
D:1:      minmay_arrival_nine_rooms, layout_loops_ring, serial_shops, shop
D:2:      layout_loops_ring, serial_shops, shop, shop, shop, grunt_ministairs_11
D:3:      minmay_chambers_of_twos, layout_basic
D:4:      layout_basic, mainiacjoe_overflow_catwalk,
          mainiacjoe_overflow_boulevard
D:5:      layout_loops_ring, temple_doors_e
D:6:      layout_basic, lemuel_round_altar, serial_corexii_hall,
          corexii_hall_statues_u, corexii_hall_statues_i, corexii_hall_statues_x
D:7:      layout_basic, feat_on_display
D:8:      layout_basic, nicolae_dithmenos_through_a_glass_darkly,
          glass_columns_b
D:9:      layout_rooms, nicolae_ashenzari_skybound, erik_lair_island,
          enter_bailey_3
D:10:     layout_basic, lemuel_flamethrower_1
D:11:     layout_long_grid, serial_shops, nicolae_inconvenience_store
D:12:     layout_gridville, gammafunk_ghost_spectres
D:13:     minmay_general_purpose_star, layout_irregular_city, fedhas_altar_1,
          uniq_snorg
D:14:     layout_basic, david_vaults_1, serial_shops, nicolae_shop_crystal,
          nicolae_shop_rolled_up, shop_statue, minmay_misc_feat_room
Temple:   minmay_temple_bridge_d
Lair:1:   layout_hall_layers, infiniplex_staircase_pool_2, grunt_megastairs_3,
          uniq_gastronok
Orc:1:    layout_diamond_mine
Orc:2:    kennysheep_orc_mage_school, layout_caves, uniq_nessos

Skill      XL: |  1  2  3  4  5  6  7  8  9 10 11 12 13 |
---------------+----------------------------------------+-----
Invocations    | 1 2 3 4 5 6 7 8 9 |  9.3
Short Blades   | 1 2 3 5 6 8 |  8.5
Long Blades    | 1 2 3 5 6 8 |  8.5
Axes           | 1 2 3 5 6 8 |  8.5
Maces & Flails | 1 2 3 5 6 8 |  8.5
Polearms       | 1 2 3 5 6 8 |  8.5
Staves         | 1 2 3 5 6 8 |  8.5
Ranged Weapons | 1 2 3 5 6 8 |  8.5
Throwing       | 1 2 3 5 6 8 |  8.5
Armour         | 1 2 3 5 6 8 |  8.5
Stealth        | 1 2 3 5 6 8 |  8.5
Shields        | 1 2 3 5 6 8 |  8.5
Spellcasting   | 1 2 3 5 6 8 |  8.5
Evocations     | 1 2 3 5 6 8 |  8.5
Conjurations   | 1 2 3 4 5 6 7 |  7.0
Hexes          | 1 2 3 4 5 6 7 |  7.0
Summonings     | 1 2 3 4 5 6 7 |  7.0
Necromancy     | 1 2 3 4 5 6 7 |  7.0
Translocations | 1 2 3 4 5 6 7 |  7.0
Transmutations | 1 2 3 4 5 6 7 |  7.0
Fire Magic     | 1 2 3 4 5 6 7 |  7.0
Ice Magic      | 1 2 3 4 5 6 7 |  7.0
Air Magic      | 1 2 3 4 5 6 7 |  7.0
Earth Magic    | 1 2 3 4 5 6 7 |  7.0
Poison Magic   | 1 2 3 4 5 6 7 |  7.0
Fighting       | 3 4 5 6 7 8 |  8.9
Dodging        | 5 6 7 8 9 |  9.7
Unarmed Combat | 7 8 9 10 | 10.7
Shapeshifting  | 7 8 9 10 | 10.2

Action                     |  1- 3 |  4- 6 |  7- 9 | 10-12 | 13-15 || total
---------------------------+-------+-------+-------+-------+-------++-------
  Melee: Unarmed           |    67 |   135 |   389 |   660 |   102 ||  1353
         Punch             |     5 |     6 |     7 |       |       ||    18
         Bite              |     1 |     9 |    54 |    97 |    19 ||   180
  Throw: Boomerang         |       |     1 |     3 |       |       ||     4
   Cast: Poisonous Vapours |       |       |    25 |    38 |       ||    63
         Ignite Poison     |       |       |       |    33 |     7 ||    40
         Lesser Beckoning  |       |       |       |     3 |       ||     3
         Olgreb's Toxic Ra |       |       |       |    15 |     4 ||    19
         Blink             |       |       |       |     2 |     4 ||     6
         Summon Lightning  |       |       |       |     1 |     6 ||     7
         Lee's Rapid Decon |       |       |       |       |     6 ||     6
Ability: Lunge             |       |       |    23 |    29 |     3 ||    55
         Whirlwind         |       |       |     8 |    56 |    10 ||    74
         Wall Jump         |       |       |       |    70 |    14 ||    84
  Evoke: Wand              |       |       |       |     3 |       ||     3
         Box of beasts     |       |       |       |     1 |     1 ||     2
    Use: Scroll            |     3 |     1 |    10 |     7 |       ||    21
         Potion            |       |       |     1 |     2 |     1 ||     4
   Stab: Sleeping          |     3 |     3 |       |     4 |       ||    10
         Petrified         |       |       |       |     6 |     4 ||    10
         Distracted        |       |       |       |     1 |     3 ||     4
 Armour: Animal skin       |     2 |       |       |       |       ||     2
         Leather armour    |    28 |    22 |       |       |       ||    50
         Ring mail         |       |    26 |    38 |       |       ||    64
         Skin              |       |       |   120 |   242 |    53 ||   415
  Dodge: Dodged            |    32 |    76 |   351 |   613 |    87 ||  1159
   Form: Flux              |       |       |     1 |       |       ||     1

Table legend: (Time is in decaauts)
 A = Elapsed time spent in this place.
 B = Non-inter-level travel time spent in this place.
 C = Inter-level travel time spent in this place.
 D = Time resting spent in this place.
 E = Time spent auto-exploring this place.
 F = Levels seen in this place.
 G = Mean time per level.
                   A        B        C        D        E       F      G
               +--------+--------+--------+--------+--------+-----+--------+
         Total |  20393 |  18644 |   1749 |   3638 |   8414 |  18 | 1132.9 |
       Dungeon |  18104 |  16443 |   1661 |   3269 |   7952 |  14 | 1293.1 |
        Temple |    151 |    151 |      0 |      0 |      0 |   1 |  151.0 |
          Lair |      4 |      2 |      2 |      0 |      0 |   1 |    4.0 |
  Orcish Mines |   2133 |   2048 |     85 |    369 |    462 |   2 | 1066.5 |
               +--------+--------+--------+--------+--------+-----+--------+

Top non-repeatable levels by time:
     D:8: 1911 daAuts
     D:9: 1835 daAuts
    D:13: 1812 daAuts
    D:10: 1639 daAuts
   Orc:2: 1549 daAuts
     D:4: 1542 daAuts
    D:12: 1395 daAuts
     D:3: 1292 daAuts
     D:7: 1241 daAuts
     D:6: 1204 daAuts
    D:11: 1147 daAuts
     D:5: 1031 daAuts
     D:2: 979 daAuts
     D:1: 843 daAuts
   Orc:1: 584 daAuts
